AoeStats
← Corsican Pirate

Fortress

508011823Analyzed
4v4 RM · 13d ago on Sep 20, 2026· 48m 9s· 8 players
Game mode
Random Map
Map size
Huge
Population
200
Speed
Normal
Resources
Standard
Victory
Conquest
Starting age
Dark Age
Ending age
Imperial Age
RankedLock teamsTeams togetherTeam positionsShared explorationLock speedFull tech treeHidden civsTurbo modeCheats
Victory
Defeat
🇩🇪 Teutons · Germany
1265
+14
🇲🇽 Italians · Mexico
1234
+16
🇲🇽 Slavs · Mexico
1205
+17
🇪🇨 Celts · Ecuador
1201
+17
🇭🇰 Turks · Hong Kong SAR China
1247
-17
🇨🇳 Romans · China
1232
-16
1227
-16
🇭🇰 Burgundians · Hong Kong SAR China
1193
-15
DAO HAO DOG HAVE DEAD FAMILY
8:07 Feudal Age
12:12 Castle Age
16:08 Double-Bit Axe
19:27 Horse Collar
20:41 Szlachta Privileges
21:04 Double-Bit Axe
23:24 Bow Saw
23:44 Scale Barding Armor
24:44 Bloodlines
24:34 Husbandry
25:27 Chain Barding Armor
27:22 Forging
36:57 Imperial Age
33:59 Light Cavalry
35:47 Wheelbarrow
36:54 Heavy Plow
37:35 Gold Mining
37:57 Cavalier
40:09 Winged Hussar
41:50 Crop Rotation
43:39 Iron Casting
taileibuxiang108
8:17 Feudal Age
9:10 Double-Bit Axe
12:11 Castle Age
10:55 Horse Collar
13:53 Wheelbarrow
17:59 Bow Saw
17:27 Man-at-Arms
18:31 Scale Mail Armor
18:50 Long Swordsman
20:12 Gold Mining
27:47 Imperial Age
25:03 Loom
26:14 Gold Shaft Mining
25:33 Pikeman
26:42 Chain Mail Armor
26:37 Forging
28:36 Halberdier
29:38 Squires
30:53 Ballistics
31:33 Chemistry
31:03 Hand Cart
30:34 Town Watch
30:53 Heavy Plow
30:17 Capped Ram
31:36 Legionary
32:23 Heavy Scorpion
35:01 Forging
35:14 Siege Ram
38:28 Ballistas
無雙戰神-呂布
2:45 Double-Bit Axe
2:54 Horse Collar
9:05 Feudal Age
9:54 Loom
14:55 Castle Age
13:43 Bow Saw
14:14 Heavy Plow
14:26 Gold Mining
15:19 Stone Mining
16:41 Husbandry
16:13 Cavalier
17:01 Scale Barding Armor
24:04 Wheelbarrow
32:31 Gold Shaft Mining
35:18 Chain Barding Armor
36:06 Crop Rotation
36:54 Forging
37:51 Hand Cart
38:39 Iron Casting
40:05 Burgundian Vineyards
42:04 Stone Shaft Mining
44:01 Imperial Age
42:56 Two-Man Saw
42:21 Town Watch
44:06 Paladin
44:19 Paladin
五虎上將-黃忠
10:26 Feudal Age
13:58 Castle Age
12:00 Double-Bit Axe
12:08 Gold Mining
17:52 Imperial Age
15:43 Bow Saw
16:16 Horse Collar
17:54 Padded Archer Armor
23:23 Wheelbarrow
25:34 Leather Archer Armor
28:11 Ring Archer Armor
27:05 Elite Janissary
28:00 Loom
28:31 Hand Cart
32:04 Scale Barding Armor
32:09 Forging
32:31 Artillery
35:48 Gold Shaft Mining
35:05 Stone Mining
36:40 Two-Man Saw
36:04 Chain Barding Armor
36:19 Iron Casting
35:46 Heavy Plow
37:47 Conscription
40:44 Blast Furnace
40:19 Plate Barding Armor
43:13 Fletching
44:04 Bombard Tower
44:06 Ballistics
Corsican Pirate
7:18 Feudal Age
5:36 Loom
11:15 Castle Age
9:38 Double-Bit Axe
10:13 Horse Collar
13:38 Wheelbarrow
16:15 Bow Saw
16:23 Town Watch
19:22 Heavy Plow
24:17 Imperial Age
22:33 Padded Archer Armor
22:24 Fletching
23:33 Hand Cart
25:57 Conscription
25:59 Silk Road
27:22 Bodkin Arrow
27:43 Leather Archer Armor
27:50 Ballistics
27:38 Thumb Ring
28:09 Bracer
28:25 Pirotechnia
29:21 Caravan
33:04 Chemistry
31:48 Onager
38:47 Two-Man Saw
38:11 Elite Genoese Crossbowman
40:00 Fortified Wall
41:15 Ring Archer Armor
44:30 Hoardings
46:46 Elite Skirmisher
Juanse7991
0:41 Loom
8:17 Feudal Age
12:35 Castle Age
11:01 Double-Bit Axe
11:13 Horse Collar
12:49 Scale Mail Armor
15:00 Pikeman
16:47 Forging
19:47 Chain Mail Armor
21:07 Wheelbarrow
20:59 Fletching
28:13 Imperial Age
26:15 Padded Archer Armor
29:47 Conscription
31:32 Husbandry
37:28 Gold Mining
38:49 Scale Barding Armor
43:50 Gold Shaft Mining
43:03 Cavalier
45:10 Chain Barding Armor
46:08 Hand Cart
45:44 Paladin
46:14 Town Watch
47:15 Iron Casting
49:29 Blast Furnace
Imperial Skirmisher
7:32 Feudal Age
11:08 Castle Age
9:33 Double-Bit Axe
9:36 Horse Collar
12:24 Bow Saw
12:17 Heavy Plow
12:23 Loom
16:56 Wheelbarrow
18:00 Gold Mining
19:08 Detinets
19:35 Fletching
20:11 Hand Cart
20:50 Forging
21:22 Town Watch
22:51 Scale Barding Armor
24:17 Chain Barding Armor
25:16 Iron Casting
24:44 Husbandry
24:54 Bloodlines
28:55 Imperial Age
27:35 Bodkin Arrow
29:08 Gold Shaft Mining
30:38 Plate Barding Armor
29:26 Elite Boyar
30:40 Conscription
30:59 Hoardings
31:26 Blast Furnace
32:54 Two-Man Saw
32:39 Padded Archer Armor
33:02 Ballistics
34:41 Leather Archer Armor
35:35 Chemistry
35:55 Ring Archer Armor
35:38 Masonry
36:44 Elite Skirmisher
40:59 Coinage
42:58 Banking
45:00 Fortified Wall
46:59 Siege Engineers
XJakeTheRipper7
7:50 Feudal Age
12:30 Castle Age
11:09 Horse Collar
11:15 Double-Bit Axe
11:23 Gold Mining
13:41 Wheelbarrow
13:09 Scale Mail Armor
13:20 Forging
13:47 Scale Mail Armor
13:57 Forging
18:26 Chain Mail Armor
19:01 Forging
21:05 Hand Cart
21:55 Loom
22:18 Heavy Plow
22:29 Bow Saw
26:40 Imperial Age
25:22 Pikeman
26:03 Squires
27:17 Iron Casting
28:08 Conscription
29:33 Plate Mail Armor
31:59 Blast Furnace
32:10 Crop Rotation
37:54 Stone Mining
39:11 Halberdier
39:36 Arson
40:42 Coinage
41:02 Town Watch
41:09 Fletching
42:56 Stone Shaft Mining
44:01 Two-Man Saw
48:02 Caravan
48:33 Banking
Connection lost

Rejoining the realm…

Still unreachable

The connection could not be restored.

Session expired

The server has moved on; the page needs a fresh start.